Map: Acid Plant LE

Players

ShoWTimE - Winner!

  • Race: Protoss Protoss
  • Spawn Location: 5:00

Strider

  • Race: Terran Terran
  • Spawn Location: 11:00

Event: WCS Austin 2018

VOD

Have the link to the VOD?

Description

Time

  • Played on: June 1, 2018, 2:32 p.m.
  • Length: 5:50

All games in this series

Show
View Real Time Build Order
Export as new Build Order

ShoWTimE Protoss - Winner!

Build Orders: 1 Gate Expand, Oracle Opening 

Get SALT Encoding   

  12  0:00  Probe  
  13  0:13  Probe  
  14  0:17  Pylon  
  14  0:24  Probe  
  15  0:32  Probe  
  15  0:37  Gateway  
  15  0:40  Probe  
  16  0:46  Assimilator  
  17  0:51  Probe  
  18  1:03  Probe  
  19  1:15  Probe  
  20  1:23  Nexus  
  20  1:34  Cybernetics Core  
  20  1:36  Probe  
  21  1:41  Assimilator  
  21  1:48  Probe  
  21  1:52  Pylon  
  22  2:00  Probe  
  23  2:01  Adept  
  23  2:13  Probe  
  23  2:15  Stargate  
  26  2:22  Warp Gate  
  26  2:25  Probe  
  26  2:27  Adept  
  29  2:32  Probe  
  29  2:34  Probe  
  30  2:40  Probe  
  30  2:42  Probe  
  31  2:49  Oracle, Probe  
  33  2:51  Probe  
  35  3:01  Probe  
  35  3:05  Pylon  
  39  3:08  Adept  
  39  3:11  Probe  
  42  3:13  Probe  
  43  3:23  Probe  
  43  3:25  Probe  
  45  3:28  Oracle  
  48  3:35  Probe  
  48  3:36  Gateway  
  49  3:44  Gateway  
  49  3:47  Pylon  
  49  3:48  Probe  
  49  3:49  Probe  
  51  4:02  Assimilator x2, Probe x2  
  53  4:12  Nexus  
  53  4:13  Pylon  
  53  4:14  Probe  
  54  4:20  Probe  
  57  4:26  Probe  
  57  4:29  Void Ray, Shield Battery  
  58  4:35  Shield Battery  
  58  4:38  Shield Battery  
  58  4:40  Pylon  
  58  4:44  Stalker  
  62  4:48  Stalker  
  62  4:49  Sentry  
  66  4:53  Pylon  
  66  5:01  Shield Battery  
  66  5:03  Void Ray  
  66  5:07  Stalker  
  72  5:17  Pylon  
  72  5:25  Stalker x2  
  76  5:32  Stalker  
  78  5:35  Forge  
  78  5:38  Twilight Council  
Show
View Real Time Build Order
Export as new Build Order

Strider Terran 

Build Orders: Reaper Expand 

Get SALT Encoding   

  12  0:00  SCV  
  13  0:12  SCV  
  14  0:17  Supply Depot  
  14  0:25  SCV  
  15  0:39  SCV  
  15  0:40  Barracks  
  16  0:44  Refinery  
  16  0:51  SCV  
  17  1:03  SCV  
  18  1:15  SCV  
  19  1:28  Orbital Command, Reaper  
  20  1:50  Command Center  
  20  1:58  SCV  
  21  2:01  Supply Depot  
  21  2:02  Barracks Reactor  
  21  2:10  SCV  
  21  2:13  Refinery  
  22  2:22  SCV  
  23  2:27  Factory  
  23  2:34  SCV  
  24  2:40  Marine x2  
  25  2:46  SCV  
  26  2:58  SCV  
  26  3:04  Orbital Command  
  27  3:08  Marine x2  
  27  3:09  Bunker  
  27  3:11  Cyclone  
  32  3:15  SCV  
  33  3:20  Factory  
  31  3:28  Marine x2  
  31  3:31  SCV  
  32  3:45  Cyclone  
  32  3:47  SCV x2  
  35  4:01  SCV x2  
  35  4:02  Marine x2  
  36  4:08  Cyclone  
  39  4:13  SCV x2  
  41  4:18  Supply Depot  
  41  4:22  Marine x2  
  43  4:32  Cyclone  
  46  4:39  SCV  
  46  4:40  Cyclone  
  50  4:46  Engineering Bay  
  50  4:47  Marine x2  
  52  4:54  SCV x2  
  47  5:09  Marine x2  
  47  5:11  SCV x2  
  47  5:13  Cyclone  
  52  5:17  Missile Turret  
  47  5:26  SCV x2  
  46  5:30  Marine x2  
  48  5:37  Bunker  
Tags
 
Add a new tag
Caveats
  • Supply blocks, unpowered buildings, or Contaminate may cause inaccurate times.
  • Supply counts are checked every 10 seconds.